SAAA
ALLOWAY HALBERDS @ TORTOLITA DRUMMERS
07/28/2021
 
TOP OF THE 1ST
Alloway Halberds batting - Pitching for Tortolita Drummers : RHP Curt Pennington
Pitching: RHP Curt Pennington
Batting: RHB Dennis Clifton 0-0: Ball
1-0: Ball
2-0: Swinging Strike
2-1: Ground out 6-3 (Groundball, 6M)
Batting: RHB Pedro Santos 0-0: Ball
1-0: Ground out 4-3 (Groundball, 4)
Batting: RHB Orlando López 0-0: Swinging Strike
0-1: Called Strike
0-2: Ball
1-2: Ball
2-2: Strikes out swinging
Top of the 1st over - 0 run(s), 0 hit(s), 0 error(s), 0 left on base; Alloway 0 - Tortolita 0
BOTTOM OF THE 1ST
Tortolita Drummers batting - Pitching for Alloway Halberds : RHP Cole Johnson
Pitching: RHP Cole Johnson
Batting: RHB Jim Harris 0-0: Swinging Strike
0-1: Ball
1-1: Ball
2-1: Ball
3-1: Base on Balls
Batting: RHB Ron Humboldt 0-0: Ball
1-0: Foul Ball, location: 2F
1-1: Ball
2-1: Swinging Strike
2-2: SINGLE (Line Drive, 34D)
Jim Harris to second
Batting: LHB Keith Spear 0-0: Ball
1-0: Foul Ball, location: 2F
1-1: Fly out, F9 (Flyball, 89D)
Runner from 2nd tags up, SAFE at 3rd, no throw
Batting: LHB Raúl Andrade 0-0: Ball
1-0: Ball
Ron Humboldt steals 2nd base
2-0: DOUBLE (Flyball, 78D)
Jim Harris scores
Ron Humboldt scores
Batting: SHB Robby Day 0-0: SINGLE (Groundball, 4M)
Raúl Andrade to third
Runner from 3rd tries for Home, SAFE, throw made home
Batting: RHB Nick Reed 0-0: Foul Ball, location: 2F
0-1: Called Strike
0-2: Ball
1-2: Ball
Robby Day is caught stealing 2nd base
2-2: Ground out 6-3 (Groundball, 6)
Bottom of the 1st over - 3 run(s), 3 hit(s), 0 error(s), 0 left on base; Alloway 0 - Tortolita 3
TOP OF THE 2ND
Alloway Halberds batting - Pitching for Tortolita Drummers : RHP Curt Pennington
Batting: RHB Jonathan Cundall 0-0: Fly out, F7 (Flyball, 78M)
Batting: SHB Ron Peterson 0-0: Ball
1-0: Ball
2-0: Foul Ball, location: 2F
2-1: SINGLE (Groundball, 34D)
Batting: LHB Francisco Rivas 0-0: Ball
1-0: Called Strike
1-1: Ball
2-1: Foul Ball, location: 2F
2-2: Ball
3-2: Strikes out swinging
Batting: RHB Juan Martínez 0-0: Called Strike
0-1: Swinging Strike
0-2: Foul Ball, location: 2F
0-2: Strikes out swinging
Top of the 2nd over - 0 run(s), 1 hit(s), 0 error(s), 1 left on base; Alloway 0 - Tortolita 3
BOTTOM OF THE 2ND
Tortolita Drummers batting - Pitching for Alloway Halberds : RHP Cole Johnson
Batting: RHB Dan Lewis 0-0: Called Strike
0-1: Ball
1-1: Fly out, F9 (Flyball, 9M)
Batting: RHB Robert Bailey 0-0: Fly out, F3 (Popup, 3)
Batting: RHB Ray Whittier 0-0: Fly out, F9 (Line Drive, 9M)
Bottom of the 2nd over - 0 run(s), 0 hit(s), 0 error(s), 0 left on base; Alloway 0 - Tortolita 3
TOP OF THE 3RD
Alloway Halberds batting - Pitching for Tortolita Drummers : RHP Curt Pennington
Batting: LHB Luis Gutiérrez 0-0: Ball
1-0: Foul Ball, location: 2F
1-1: Ball
2-1: SINGLE (Groundball, 34S) (infield hit)
Batting: RHB Mike Davis 0-0: Ball
1-0: Ball
2-0: Called Strike
2-1: Ball
3-1: Base on Balls
Luis Gutiérrez to second
Batting: RHB Dennis Clifton 0-0: Ball
1-0: Swinging Strike
1-1: Foul Ball, location: 2F
1-2: Ball
2-2: Ball
3-2: Foul Ball, location: 2F
3-2: Base on Balls
Luis Gutiérrez to third
Mike Davis to second
Batting: RHB Pedro Santos 0-0: Called Strike
0-1: Ball
1-1: Ball
2-1: Ground out 5-3 (Groundball, 56S)
Luis Gutiérrez scores
Mike Davis to third
Dennis Clifton to second
Batting: RHB Orlando López 0-0: Fly out, F9 (Flyball, 9M)
Runner from 3rd tags up, SCORES, throw made
Batting: RHB Jonathan Cundall 0-0: Ball
1-0: SINGLE (Flyball, 8RS)
Dennis Clifton to third
Runner from 3rd tries for Home, SAFE, no throw or cutoff
Batting: SHB Ron Peterson 0-0: Ball
1-0: Ball
2-0: Ball
3-0: Swinging Strike
3-1: Ground out 4-3 (Groundball, 13)
Top of the 3rd over - 3 run(s), 2 hit(s), 0 error(s), 1 left on base; Alloway 3 - Tortolita 3
BOTTOM OF THE 3RD
Tortolita Drummers batting - Pitching for Alloway Halberds : RHP Cole Johnson
Batting: RHB Jim Harris 0-0: DOUBLE (Line Drive, 7LS)
Batting: RHB Ron Humboldt 0-0: Fly out, F8 (Flyball, 89M)
Batting: LHB Keith Spear 0-0: Ball
Jim Harris is caught stealing 3rd base
1-0: Swinging Strike
1-1: Called Strike
1-2: Ball
2-2: Strikes out swinging
Bottom of the 3rd over - 0 run(s), 1 hit(s), 0 error(s), 0 left on base; Alloway 3 - Tortolita 3
TOP OF THE 4TH
Alloway Halberds batting - Pitching for Tortolita Drummers : RHP Curt Pennington
Batting: LHB Francisco Rivas 0-0: Ball
1-0: Ball
2-0: Foul Ball, location: 2F
2-1: Fly out, F7 (Flyball, 7M)
Batting: RHB Juan Martínez 0-0: SINGLE (Line Drive, 9S)
Batting: LHB Luis Gutiérrez 0-0: Ball
1-0: Called Strike
1-1: Ball
2-1: Fly out, F7 (Popup, 8LS)
Batting: RHB Mike Davis 0-0: Ball
1-0: Fly out, F9 (Flyball, 9M)
Top of the 4th over - 0 run(s), 1 hit(s), 0 error(s), 1 left on base; Alloway 3 - Tortolita 3
BOTTOM OF THE 4TH
Tortolita Drummers batting - Pitching for Alloway Halberds : RHP Cole Johnson
Batting: LHB Raúl Andrade 0-0: Foul Ball, location: 2F
0-1: Ball
1-1: Called Strike
1-2: SINGLE (Line Drive, 4MD)
Batting: SHB Robby Day 0-0: Called Strike
0-1: Swinging Strike
0-2: Ball
1-2: Ball
2-2: Grounds into double play, 4-6-3 (Groundball, 4)
Batting: RHB Nick Reed 0-0: Swinging Strike
0-1: DOUBLE (Line Drive, 78M)
Batting: RHB Dan Lewis 0-0: Called Strike
0-1: 2-RUN HOME RUN (Line Drive, 78XD), Distance : 414 ft
Batting: RHB Robert Bailey 0-0: Called Strike
0-1: Ball
1-1: Ball
2-1: Foul Ball, location: 2F
2-2: Hit by Pitch
Batting: RHB Ray Whittier 0-0: Ball
1-0: Foul Ball, location: 2F
1-1: Ball
2-1: Foul Ball, location: 2F
2-2: Foul Ball, location: 2F
2-2: Strikes out swinging
Bottom of the 4th over - 2 run(s), 3 hit(s), 0 error(s), 1 left on base; Alloway 3 - Tortolita 5
TOP OF THE 5TH
Alloway Halberds batting - Pitching for Tortolita Drummers : RHP Curt Pennington
Batting: RHB Dennis Clifton 0-0: Ball
1-0: Ground out 5-3 (Groundball, 5S)
Batting: RHB Pedro Santos 0-0: Foul Ball, location: 2F
0-1: Ball
1-1: SINGLE (Groundball, 4MD)
Batting: RHB Orlando López 0-0: Ball
Pedro Santos steals 2nd base
1-0: Ground out 1-3 (Groundball, 13)
Pedro Santos to third
Batting: RHB Jonathan Cundall 0-0: Ball
1-0: Ball
2-0: SINGLE (Line Drive, 56D)
Pedro Santos scores
Batting: SHB Ron Peterson 0-0: Ball
1-0: Foul Ball, location: 2F
1-1: Fielders Choice at 2nd, 6-4 (Groundball, 6)
Top of the 5th over - 1 run(s), 2 hit(s), 0 error(s), 0 left on base; Alloway 4 - Tortolita 5
BOTTOM OF THE 5TH
Tortolita Drummers batting - Pitching for Alloway Halberds : RHP Cole Johnson
Batting: RHB Jim Harris 0-0: Ball
1-0: Ball
2-0: Ball
3-0: Called Strike
3-1: Called Strike
3-2: Foul Ball, location: 2F
3-2: Foul Ball, location: 2F
3-2: Base on Balls
Batting: RHB Ron Humboldt 0-0: Bunted foul
0-1: Sac Bunt - play at first, batter OUT! U3
Jim Harris to second
Batting: LHB Keith Spear 0-0: Ball
1-0: Ball
2-0: Foul Ball, location: 2F
2-1: Ball
3-1: Swinging Strike
3-2: Foul Ball, location: 2F
3-2: Base on Balls
Batting: LHB Raúl Andrade 0-0: Ball
1-0: SINGLE (Groundball, 4MD)
Jim Harris to third
Keith Spear to second
Runner from 3rd tries for Home, throw and OUT!
Keith Spear to third
Raúl Andrade to second
Batting: SHB Robby Day 0-0: Called Strike
0-1: Called Strike
0-2: Ball
1-2: Ball
2-2: Strikes out swinging
Bottom of the 5th over - 0 run(s), 1 hit(s), 0 error(s), 2 left on base; Alloway 4 - Tortolita 5
TOP OF THE 6TH
Alloway Halberds batting - Pitching for Tortolita Drummers : RHP Curt Pennington
Batting: LHB Francisco Rivas 0-0: Called Strike
0-1: Ground out 4-3 (Groundball, 4)
Batting: RHB Juan Martínez 0-0: Ball
1-0: SINGLE (Groundball, 34D)
Batting: LHB Luis Gutiérrez 0-0: Ball
1-0: Called Strike
1-1: DOUBLE (Line Drive, 8LD)
Juan Martínez to third
Batting: RHB Mike Davis 0-0: Called Strike
Reached via error on a dropped throw, E3
Juan Martínez scores
Luis Gutiérrez to third
Batting: RHB Dennis Clifton 0-0: Foul Ball, location: 2F
0-1: Ball
1-1: Ball
2-1: Fly out, F6 (Line Drive, 6M)
Batting: RHB Pedro Santos 0-0: Ball
1-0: Foul Ball, location: 2F
1-1: Swinging Strike
1-2: Foul Ball, location: 2F
1-2: Fly out, F8 (Flyball, 8LM)
Top of the 6th over - 1 run(s), 2 hit(s), 1 error(s), 2 left on base; Alloway 5 - Tortolita 5
BOTTOM OF THE 6TH
Tortolita Drummers batting - Pitching for Alloway Halberds : RHP Cole Johnson
Batting: RHB Nick Reed 0-0: Swinging Strike
0-1: Ball
1-1: Ball
2-1: Foul Ball, location: 2F
2-2: Foul Ball, location: 2F
2-2: Ball
3-2: DOUBLE (Line Drive, 7LD)
Pitching: RHP Joe Holmes
Batting: RHB Dan Lewis 0-0: Ground out 5-3 (Groundball, 56)
Batting: RHB Robert Bailey 0-0: Ball
1-0: Called Strike
Throwing error on steal attempt, E2
Nick Reed scores
1-1: Ball
2-1: Fly out, F8 (Flyball, 8LS)
Batting: RHB Ray Whittier 0-0: Ball
1-0: Called Strike
1-1: Foul Ball, location: 2F
1-2: DOUBLE (Groundball, 5L)
Batting: RHB Jim Harris 0-0: Ball
1-0: Ball
2-0: Ball
3-0: Called Strike
3-1: Called Strike
3-2: Fly out, F8 (Flyball, 8LM)
Bottom of the 6th over - 1 run(s), 2 hit(s), 1 error(s), 1 left on base; Alloway 5 - Tortolita 6
TOP OF THE 7TH
Alloway Halberds batting - Pitching for Tortolita Drummers : RHP Curt Pennington
Batting: RHB Orlando López 0-0: Swinging Strike
0-1: Ball
1-1: Foul Ball, location: 2F
1-2: Foul Ball, location: 2F
1-2: Ball
2-2: Ball
3-2: Strikes out looking
Batting: RHB Jonathan Cundall 0-0: Ball
1-0: Foul Ball, location: 2F
1-1: Ball
2-1: Fly out, F3 (Popup, 3DF)
Batting: SHB Ron Peterson 0-0: Called Strike
0-1: Ball
1-1: Ball
2-1: Ground out 1-3 (Groundball, 25)
Top of the 7th over - 0 run(s), 0 hit(s), 0 error(s), 0 left on base; Alloway 5 - Tortolita 6
BOTTOM OF THE 7TH
Tortolita Drummers batting - Pitching for Alloway Halberds : RHP Joe Holmes
Batting: RHB Ron Humboldt 0-0: Ball
1-0: Called Strike
1-1: Swinging Strike
1-2: Strikes out swinging
Batting: LHB Keith Spear 0-0: Called Strike
0-1: Called Strike
0-2: Ball
1-2: Ball
2-2: Ground out 6-3 (Groundball, 6)
Batting: LHB Raúl Andrade 0-0: Swinging Strike
0-1: Ball
1-1: Foul Ball, location: 2F
1-2: Ball
2-2: Ball
3-2: Base on Balls
Batting: SHB Robby Day 0-0: Ball
1-0: Ball
2-0: SINGLE (Flyball, 78S)
Raúl Andrade to second
Pinch Hitting: SHB Omar Gutiérrez 0-0: Called Strike
0-1: Swinging Strike
0-2: Ball
1-2: Ball
2-2: Ball
3-2: Strikes out swinging
Bottom of the 7th over - 0 run(s), 1 hit(s), 0 error(s), 2 left on base; Alloway 5 - Tortolita 6
TOP OF THE 8TH
Alloway Halberds batting - Pitching for Tortolita Drummers : RHP Curt Pennington
Pitching: LHP Parker Cooke
Now at 2B: David Cross
Batting: LHB Francisco Rivas 0-0: Fly out, F8 (Flyball, 8LM)
Pitching: RHP Javier Estrada
Batting: RHB Juan Martínez 0-0: Called Strike
0-1: Ball
1-1: Ball
2-1: Ground out 6-3 (Groundball, 6)
Batting: LHB Luis Gutiérrez 0-0: SINGLE (Groundball, 6MD)
Pinch Hitting: LHB Mark Crawford 0-0: Swinging Strike
0-1: Ball
1-1: Called Strike
1-2: SINGLE (Line Drive, 4MD)
Luis Gutiérrez to second
Batting: RHB Dennis Clifton 0-0: Ball
1-0: Foul Ball, location: 2F
1-1: Called Strike
1-2: Fly out, F6 (Popup, 6M)
Top of the 8th over - 0 run(s), 2 hit(s), 0 error(s), 2 left on base; Alloway 5 - Tortolita 6
BOTTOM OF THE 8TH
Tortolita Drummers batting - Pitching for Alloway Halberds : RHP Joe Holmes
Now at SS: Tracy Larson
Batting: RHB Dan Lewis 0-0: Foul Ball, location: 2F
0-1: Swinging Strike
0-2: Foul Ball, location: 2F
0-2: Strikes out looking
Batting: RHB Robert Bailey 0-0: Ball
1-0: Fly out, F9 (Popup, 34D)
Batting: RHB Ray Whittier 0-0: Called Strike
0-1: Ball
1-1: Ball
2-1: SINGLE (Line Drive, 9S)
Pinch Hitting: SHB Jim Unknown 0-0: Ball
1-0: Ball
2-0: Ball
3-0: Called Strike
3-1: Called Strike
3-2: Foul Ball, location: 2F
3-2: Fly out, F8 (Flyball, 8RXD)
Bottom of the 8th over - 0 run(s), 1 hit(s), 0 error(s), 1 left on base; Alloway 5 - Tortolita 6
TOP OF THE 9TH
Alloway Halberds batting - Pitching for Tortolita Drummers : RHP Javier Estrada
Pitching: RHP Luis Gonzáles
Now in LF: Jim Unknown
Batting: RHB Pedro Santos 0-0: Ball
1-0: Foul Ball, location: 2F
1-1: Ball
2-1: Foul Ball, location: 2F
2-2: Fly out, F9 (Flyball, 9LS)
Pinch Hitting: LHB Will Sherman 0-0: Ball
1-0: Swinging Strike
1-1: Ground out U3 (Groundball, 3L)
Batting: RHB Jonathan Cundall 0-0: Ball
1-0: Called Strike
1-1: DOUBLE (Line Drive, 7LS)
Batting: SHB Ron Peterson 0-0: Called Strike
0-1: Ball
1-1: SINGLE (Line Drive, 6MD)
Jonathan Cundall to third
Batting: LHB Francisco Rivas 0-0: Foul Ball, location: 2F
0-1: Reached on error, E3 (Groundball, 3)
Jonathan Cundall scores
Ron Peterson to second
Batting: RHB Juan Martínez 0-0: Called Strike
0-1: Ball
1-1: Ball
2-1: Ball
3-1: Fly out, F7 (Flyball, 7M)
Top of the 9th over - 1 run(s), 2 hit(s), 1 error(s), 2 left on base; Alloway 6 - Tortolita 6
BOTTOM OF THE 9TH
Tortolita Drummers batting - Pitching for Alloway Halberds : RHP Joe Holmes
Pitching: LHP Jim Unknown
Now in LF: Will Sherman
Pinch Hitting: RHB Richard Ollivier 0-0: Swinging Strike
0-1: Fly out, F8 (Flyball, 8RXD)
Batting: LHB Keith Spear 0-0: SINGLE (Line Drive, 34)
Pinch Hitting: RHB Jim Unknown 0-0: Called Strike
0-1: Ball
1-1: Foul Ball, location: 2F
1-2: Foul Ball, location: 2F
1-2: SINGLE (Groundball, 56D)
Keith Spear to second
Batting: SHB Robby Day 0-0: Ball
1-0: Swinging Strike
1-1: Fielders Choice at 2nd, U6 (Groundball, 6M)
Keith Spear to third
Batting: LHB David Cross 0-0: Hit by Pitch
Robby Day to second
Batting: RHB Dan Lewis 0-0: Ball
1-0: Called Strike
1-1: Ball
2-1: SINGLE (Line Drive, 9S)
Keith Spear scores
This league is powered by Out of the Park Baseball, the baseball management simulation game for PC, Mac and Linux
Friday, January 22nd, 2016 - OOTP Baseball 16.9 Build 39